 Dungeon Crawl Stone Soup version 0.22.1-5-g62c59d9 (webtiles) character file.

57 doot the Grasshopper (level 3, -4/16 HPs)
             Began as a Felid Warper on Jan 11, 2019.
             Splashed by a jelly's acid (8 damage)
             ... on level 2 of the Dungeon.
             The game lasted 00:03:40 (2559 turns).

doot the Grasshopper (Felid Warper)                 Turns: 2559, Time: 00:03:43

Health: -4/16      AC:  1    Str:  8    XL:     3   Next: 73%
Magic:  7/7        EV: 19    Int: 14    God:
Gold:   49         SH:  0    Dex: 15    Spells: 2/6 levels left
                                        Lives:  0   Deaths: 0

rFire    . . .     SeeInvis +     - Unarmed
rCold    . . .     Gourm    .   (shield unavailable)
rNeg     . . .     Faith    .   (armour unavailable)
rPois    .         Spirit   .   (helmet unavailable)
rElec    .         Reflect  .   (cloak unavailable)
rCorr    .         Harm     .   (gloves unavailable)
MR       .....                  (boots unavailable)
Stlth    ++........             (no amulet)
HPRegen  0.05/turn              (no ring)
MPRegen  0.10/turn              (no ring)

@: quick
A: very small, no armour, no weapons or thrown items, stealth, claws 1, fangs 3,
see invisible, carnivore, speed 1, shaggy fur 1, slow metabolism 1, sharp paws
a: no special abilities


You were on level 2 of the Dungeon.
You were completely stuffed.

You visited 1 branch of the dungeon, and saw 2 of its levels.

You collected 49 gold pieces.

Inventory:

Scrolls
 a - a scroll of identify {unknown}
 b - a scroll of blinking
 d - a scroll of amnesia {unknown}
 f - 2 scrolls of immolation {unknown}
 g - a scroll of random uselessness {unknown}
Potions
 e - 2 potions of brilliance {unknown}
 i - a potion of agility {unknown}
 j - a potion of haste {unknown}
Comestibles
 c - 5 rations
 h - a chunk of flesh


   Skills:
 + Level 2.2 Fighting
 + Level 4.0 Dodging
 + Level 0.4 Stealth
 + Level 2.9 Unarmed Combat
 + Level 2.4 Spellcasting
 + Level 4.4 Translocations


You had 2 spell levels left.
You knew the following spells:

 Your Spells              Type           Power        Failure   Level  Hunger
a - Blink                 Tloc           N/A          5%          2    ###....
b - Shroud of Golubria    Chrm/Tloc      #.........   14%         2    ###....

Your spell library contained the following spells:

 Spells                   Type           Power        Failure   Level  Hunger
 Gell's Gravitas          Tloc           ##........   11%         3    ###....
 Lesser Beckoning         Tloc           ##........   11%         3    ###....
 Teleport Other           Tloc           ##......     11%         3    ###....
 Passage of Golubria      Tloc           N/A          34%         4    #####..


Dungeon Overview and Level Annotations

Branches:
Dungeon (2/15)

Altars:


Innate Abilities, Weirdness & Mutations

You cannot wear armour.
You are incapable of wielding weapons or throwing items.
Your paws allow you to move quietly. (Stealth)
You have sharp claws.
You have razor-sharp teeth.
You have supernaturally acute eyesight. (SInv)
You are carnivorous and can eat meat at any time.
You cover ground quickly.
You are covered in fur. (AC +1)
You have a slow metabolism.
Your sharp claws are effective at attacking unaware monsters.


Message History

You closely miss the kobold. The kobold closely misses you.
You barely miss the kobold. The kobold barely misses you.
You scratch the kobold.
You kill the kobold!
The jelly closely misses you.
Items here: ! $ = ? an onyx ring; 2 murky silvery potions; a scroll of blinking; 36 gold pieces You scratch the jelly but do no damage.
Your paws burn!
The jelly barely misses you.
You scratch the jelly.
Your paws burn!
You bite the jelly.
The jelly is moderately wounded.
The jelly misses you.
You scratch the jelly but do no damage.
Your paws burn!
* * * LOW HITPOINT WARNING * * *
The jelly is moderately wounded.
The jelly hits you.
* * * LOW HITPOINT WARNING * * *
You are splashed with acid!
The acid burns!
Ouch! That really hurt!
You die...

#######. ...
........ ..
#######h .# #.
####.# ######. #
#....# #....h. #.
#....# #.##### #.
#.J..# #.#
#..#.@..# #.#
#'###.#....#
#.#####
.(....'....#
#...h..
...##.#....#
####### #...(..#
#.... ##..##.#
#h### #..##.#
#####.# #..##.#
#...#.#
##.##.######...#.#


You could see a jelly.

Vanquished Creatures
  An adder (D:2)
  An ooze (D:2)
  2 dart slugs
  A leopard gecko (D:1)
  6 goblins
  7 hobgoblins
  3 jackals (D:1)
  A ball python (D:1)
  5 bats
  5 frilled lizards
  2 kobolds
  4 rats (D:1)
38 creatures vanquished.

Notes
Turn   | Place    | Note
-------+----------+-------------------------------------------
     0 | D:1      | doot the Felid Warper began the quest for the Orb.
     0 | D:1      | Reached XP level 1. HP: 9/9 MP: 4/4
   191 | D:1      | Reached XP level 2. HP: 7/13 MP: 6/6
   944 | D:1      | Learned a level 2 spell: Blink
   947 | D:1      | Learned a level 2 spell: Shroud of Golubria
  1305 | D:1      | Reached XP level 3. HP: 13/16 MP: 7/7
  2133 | D:2      | Noticed a black bear
  2559 | D:2      | Splashed by a jelly's acid

Skill      XL: |  1  2  3 |
---------------+----------+-----
Dodging        | 4 |  4.0
Fighting       | |  2.2
Stealth        | |  0.4
Unarmed Combat | |  2.9
Spellcasting   | |  2.4
Translocations | |  4.4

Action                   || total
-------------------------++-------
Melee: Unarmed           ||   125
       Bite              ||    10
       Punch             ||     2
 Cast: Blink             ||     1
       Shroud of Golubri ||     1
 Stab: Sleeping          ||     3
  Eat: Chunk             ||    11
Armor: Skin              ||     5
Dodge: Dodged            ||   132
